AoeStats
← El Fantasma de Pancho Villa

Nomad

507996460Analyzed
4v4 RM · 12d ago on Sep 20, 2026· 45m 37s· 8 players
Game mode
Random Map
Map size
231×231
Population
200
Speed
Normal
Resources
Standard
Victory
Conquest
Starting age
Dark Age
Ending age
Imperial Age
RankedLock teamsTeams togetherTeam positionsShared explorationLock speedFull tech treeHidden civsTurbo modeCheats
Victory
Defeat
🇨🇳 Maya · China
1155
+15
🇺🇸 Cumans · United States
1136
+15
🇷🇺 Huns · Russia
1104
+17
🇧🇪 Japanese · Belgium
1074
+18
🇨🇳 Mongols · China
1167
-18
🇨🇳 Chinese · China
1166
-18
🇨🇳 Koreans · China
1112
-16
🇹🇼 Koreans · Taiwan
1050
-16
tugou
5:05 Loom
14:42 Feudal Age
18:49 Castle Age
17:01 Fletching
17:42 Fishing Lines
19:32 Gillnets
19:33 Double-Bit Axe
19:46 Gold Mining
20:45 Bow Saw
22:18 Town Watch
23:09 Wheelbarrow
23:19 Stone Mining
24:06 Gold Shaft Mining
25:05 Gillnets
31:05 Imperial Age
29:37 Bodkin Arrow
30:31 Hand Cart
33:39 Imperial Age
33:11 Hand Cart
34:23 Bracer
34:46 Conscription
34:50 Elite War Wagon
35:44 Masonry
37:03 Two-Man Saw
37:20 Ballistics
37:32 Architecture
LGD Méin
3:36 Loom
13:37 Feudal Age
17:21 Castle Age
16:03 Scale Mail Armor
16:56 Double-Bit Axe
17:41 Arson
18:09 Scale Mail Armor
18:19 Forging
18:26 Bow Saw
19:37 Chain Mail Armor
Lancia57DxD
4:13 Loom
15:05 Feudal Age
16:58 Wheelbarrow
16:36 Double-Bit Axe
16:48 Town Watch
19:24 Fishing Lines
22:07 Stone Mining
22:11 Gold Mining
35:30 Fletching
36:33 Scale Mail Armor
jinzhi
4:37 Loom
15:49 Feudal Age
19:23 Castle Age
18:40 Double-Bit Axe
18:38 Horse Collar
21:50 Wheelbarrow
21:28 Bow Saw
26:05 Fletching
27:58 Bodkin Arrow
29:05 Gold Mining
30:07 Padded Archer Armor
30:39 Ballistics
31:13 Leather Archer Armor
31:15 Thumb Ring
31:57 Bloodlines
32:47 Husbandry
34:50 Hand Cart
37:12 Imperial Age
38:00 Bracer
38:27 Conscription
38:21 Elite Skirmisher
39:48 Elite Mangudai
45:07 Parthian Tactics
El Fantasma de Pancho Villa
6:22 Loom
15:57 Feudal Age
16:31 Man-at-Arms
18:10 Scale Mail Armor
20:07 Forging
24:42 Double-Bit Axe
Saeer
3:19 Loom
4:26 Loom
15:20 Feudal Age
15:50 Man-at-Arms
16:45 Arson
17:17 Forging
17:08 Scale Mail Armor
16:58 Fishing Lines
17:46 Town Watch
21:21 Gold Mining
21:22 Stone Mining
21:27 Double-Bit Axe
24:18 Castle Age
25:00 Wheelbarrow
25:49 Medium Warships
25:54 Squires
26:09 Gillnets
28:16 Clinker Construction
33:00 Careening
38:07 Imperial Age
37:35 Hand Cart
37:20 Town Patrol
38:30 Iron Casting
38:10 Chain Mail Armor
40:18 Conscription
40:19 Chain Mail Armor
42:17 Blast Furnace
42:27 Elite Samurai
44:52 Kataparuto
44:25 Fletching
一梦千年
5:17 Loom
15:45 Feudal Age
17:12 Fishing Lines
20:16 Castle Age
26:41 Wheelbarrow
25:51 Horse Collar
25:57 Double-Bit Axe
27:22 Fletching
27:58 Gillnets
29:23 Heavy Plow
31:00 Bow Saw
35:11 Imperial Age
32:28 Town Watch
33:27 Hand Cart
32:47 Crossbowman
34:39 Thumb Ring
34:39 Town Patrol
35:11 Bodkin Arrow
35:16 Padded Archer Armor
35:40 Ballistics
35:01 Treadmill Crane
35:32 Masonry
35:55 Arbalester
37:04 Conscription
36:55 Murder Holes
37:11 Fortified Wall
37:52 Bracer
38:07 Leather Archer Armor
38:43 Leather Archer Armor
39:23 Gold Mining
39:23 Stone Mining
39:19 Elite Skirmisher
41:54 Chemistry
41:25 Architecture
42:27 Ring Archer Armor
43:34 Hul'che Javelineers
43:03 Capped Ram
44:17 Eagle Warrior
44:43 Arson
44:58 Squires
DM
5:54 Loom
15:21 Feudal Age
22:33 Castle Age
20:57 Horse Collar
21:02 Double-Bit Axe
23:43 Heavy Plow
25:19 Husbandry
25:36 Bow Saw
28:25 Gold Mining
30:16 Scale Barding Armor
31:08 Bloodlines
31:37 Chain Barding Armor
31:28 Forging
33:59 Forging
37:15 Wheelbarrow
36:25 Town Watch
43:35 Hand Cart
43:21 Town Patrol
46:25 Imperial Age
Connection lost

Rejoining the realm…

Still unreachable

The connection could not be restored.

Session expired

The server has moved on; the page needs a fresh start.